 Dungeon Crawl Stone Soup version 0.30-a0-371-gad7725a93e (webtiles) character file.

Game seed: 1085231849227899317

140821 avis the Marksdemigod (level 16, -1/143 HPs)
             Began as a Demigod Ice Elementalist on Nov 20, 2022.
             Hit by a silver javelin thrown by a merfolk javelineer (4 damage)
             ... on level 3 of the Shoals on Nov 21, 2022.
             The game lasted 05:38:37 (38542 turns).

avis the Marksdemigod (Demigod Ice Elementalist)   Turns: 38542, Time: 05:38:42

Health: -1/143     AC: 17    Str: 13    XL:     16   Next: 25%
Magic:  26/26      EV: 17    Int: 23    God:
Gold:   2014       SH:  0    Dex: 33    Spells: 1/23 levels left

rFire   . . .      SeeInvis .    a - +9 longbow (freeze)
rCold   + . .      Faith    .    (shield currently unavailable)
rNeg    + . .      Spirit   .    O - +5 steam dragon scales
rPois   +          Reflect  .    L - +2 hat
rElec   .          Harm     .    H - +2 cloak {Stlth+}
rCorr   .          Rampage  .    W - +0 pair of fencer's gloves {Riposte Dex+3}
Will    +....                    (no boots)
Stlth   +++++.....               g - amulet of magic regeneration
HPRegen 0.43/turn                j - +6 ring of intelligence
MPRegen 0.60/turn                X - ring "Anoeg" {rPois rC+ rN+}

@: no status effects
A: high MP 1, forlorn, divine attributes, deterioration 1
a: no special abilities


You were on level 3 of the Shoals.
You visited 6 branches of the dungeon, and saw 27 of its levels.
You visited the Abyss 1 time.
You also visited: Bailey and Volcano.

You collected 4083 gold pieces.
You spent 2069 gold pieces at shops.

Inventory:

Hand Weapons
 a - a +9 longbow of freezing (weapon)
 b - the +7 captain's cutlass {speed, disarm}
   (You found it on level 1 of the Shoals)

   Attacks with this weapon are significantly faster.
   It may disarm weapon-wielding foes when striking them, dealing extra damage
   in the process.
 c - a +1 vampiric trident
 w - a +2 hand crossbow of flaming
Armour
 H - a +2 cloak of stealth (worn)
 L - a +2 hat (worn)
 O - +5 steam dragon scales (worn)
 W - the +0 pair of fencer's gloves (worn) {Riposte Dex+3}
   (You bought it in a shop on level 2 of the Orcish Mines)

   It allows the wearer to riposte with melee weapons, swiftly retaliating
   against missed or blocked melee attacks.
   Dex:       It affects your dexterity (+3).
Jewellery
 g - an amulet of magic regeneration (around neck)
 j - a +6 ring of intelligence (left hand)
 r - a ring of protection from cold
 u - a ring of protection from fire
 y - a ring of see invisible
 S - a ring of willpower
 X - the ring "Anoeg" (right hand) {rPois rC+ rN+}
   (You bought it in a shop on level 2 of the Orcish Mines)

   [ring of protection from cold]

   rC:        It protects you from cold.
   rPois:     It protects you from poison.
   rN:        It protects you from negative energy.
Wands
 s - a wand of flame (19)
 x - a wand of quicksilver (14)
 A - a wand of charming (5)
 E - a wand of polymorph (8)
 G - a wand of iceblast (31)
 P - a wand of mindburst (30)
Scrolls
 f - 8 scrolls of teleportation
 z - a scroll of magic mapping
 D - 10 scrolls of butterflies
 F - 2 scrolls of summoning
 J - 3 scrolls of fear
Potions
 d - 2 potions of haste
 e - 2 potions of magic
 h - 3 potions of curing
 i - a potion of mutation
 k - a potion of might
 m - a potion of brilliance
 o - 2 potions of ambrosia
 p - a potion of berserk rage
 t - 4 potions of invisibility
 v - 4 potions of cancellation
 B - 7 potions of lignification
 C - 5 potions of flight
 N - a potion of resistance
Miscellaneous
 T - a phantom mirror
 U - a piece from Xom's chessboard (15/15)


   Skills:
 - Level 13.0 Fighting
 * Level 4.9 Short Blades
 - Level 20.0 Ranged Weapons
 - Level 5.0 Armour
 - Level 5.0 Dodging
 - Level 5.0 Stealth
 - Level 4.0 Spellcasting
 - Level 1.1 Hexes
 - Level 2.0 Summonings
 + Level 13.9 Ice Magic
 - Level 5.0 Evocations


You had one spell level left.
You knew the following spells:

 Your Spells              Type           Power      Damage    Failure   Level
a - Freeze                Ice            100%       1d10      1%          1
b - Blink                 Tloc           8%         N/A       16%         2
h - Ensorcelled Hibernat  Hex/Ice        78%        N/A       1%          2
o - Ozocubu's Armour      Ice            62%        N/A       1%          3
p - Passwall              Tmut/Erth      3%         N/A       16%         2
r - Frozen Ramparts       Ice            100%       1d16      1%          3
s - Summon Ice Beast      Ice/Summ       41%        N/A       4%          4
C - Freezing Cloud        Conj/Ice/Air   12%        6-21      41%         5

Your spell library contained the following spells:

 Spells                   Type           Power      Damage    Failure   Level
 Foxfire                  Conj/Fire      16%        2x1d4     11%         1
 Sting                    Tmut/Pois      16%        1d3       11%         1
 Poisonous Vapours        Pois/Air       8%         N/A       16%         2
 Static Discharge         Conj/Air       8%         2-3/arc   16%         2
 Gell's Gravitas          Tloc           4%         N/A       30%         3
 Ignite Poison            Fire/Tmut/Pois 4%         N/A       30%         3
 Kindle Blastsparks       Fire/Tloc/Air  8%         2d10      30%         3
 Lesser Beckoning         Tloc           8%         N/A       30%         3
 Spider Form              Tmut/Pois      4%         N/A       30%         3
 Swiftness                Air            4%         N/A       30%         3
 Teleport Other           Tloc           4%         N/A       30%         3
 Vhi's Electric Charge    Tloc/Air       8%         N/A       30%         3
 Animate Armour           Summ/Erth      18%        N/A       56%         4
 Summon Lightning Spire   Summ/Air       9%         N/A       56%         4
 Anguish                  Hex/Necr       3%         N/A       63%         4
 Manifold Assault         Tloc           4%         N/A       71%         4
 Olgreb's Toxic Radiance  Pois           4%         N/A       71%         4
 Summon Mana Viper        Hex/Summ       11%        N/A       83%         5
 Summon Forest            Summ/Tloc      4%         N/A       88%         5
 Arcjolt                  Conj/Air       2%         1d12      96%         5
 Blade Hands              Tmut           2%         N/A       96%         5
 Fireball                 Conj/Fire      2%         3d4       96%         5
 Lightning Bolt           Conj/Air       2%         1d13      96%         5
 Iron Shot                Conj/Erth      2%         9d2       100%        6
 Starburst                Conj/Fire      2%         6d3       100%        6
 Summon Cactus Giant      Summ           6%         N/A       100%        6
 Storm Form               Tmut/Air       2%         N/A       100%        7
 Maxwell's Capacitive Co  Air            2%         ∞         100%        8


Dungeon Overview and Level Annotations

Branches:
Dungeon (13/15)            Temple (1/1) D:4            Lair (5/5) D:9
 Shoals (3/4) Lair:3        Snake (3/4) Lair:3        Slime (0/5) Lair:5
    Orc (2/2) D:11            Elf (0/3) Orc:2        Vaults (0/5) D:13
 Bailey (visited)         Volcano (visited)

Shops:
D:3 =   D:5 ?   D:8 ?   Orc:2 *?=[   Shoals:1 :   Snake:2 :   Snake:3 =

Annotations:
D:13 2 transporters, SleepySteel's ghost, journeyman DjAE
Shoals:3 Polyphemus; Roxanne


Innate Abilities, Weirdness & Mutations

You have an increased reservoir of magic. (+10% MP)
You shall have no god before yourself.
Your divine heritage dramatically boosts your attributes as you level up.
Your body sometimes deteriorates upon taking damage.


Message History

The water nymph gestures at you while chanting.
The water swirls and strikes you!!
The merfolk javelineer throws a silver javelin.
The silver javelin pierces through you but does no damage.
The silver sears you! The sea snake attacks as you move away!
The sea snake bites you!
The merfolk javelineer throws a silver javelin.
The silver javelin completely misses you.
The sea snake bites you!
The merfolk javelineer throws a silver javelin.
The silver javelin barely misses you.
The silver javelin pierces through the water nymph!!
The merfolk javelineer throws a silver javelin.
The silver javelin pierces through you!
* * * LOW HITPOINT WARNING * * *
The silver sears you!
* * * LOW HITPOINT WARNING * * *
The sea snake barely misses you. The sea snake attacks as you move away!
The sea snake bites you!
* * * LOW HITPOINT WARNING * * *
The merfolk javelineer throws a silver javelin.
The silver javelin pierces through you but does no damage.
The silver sears you!
* * * LOW HITPOINT WARNING * * *
The silver javelin pierces through the water nymph!!
The water nymph dies!
The merfolk javelineer throws a silver javelin.
The silver javelin pierces through you!
* * * LOW HITPOINT WARNING * * *
The silver sears you!
* * * LOW HITPOINT WARNING * * *
There is a stone staircase leading up, spattered with blood here.
You feel much better.
The merfolk throws a boomerang of dispersal.
The boomerang of dispersal completely misses you.
The merfolk javelineer throws a silver javelin.
The silver javelin pierces through you!
* * * LOW HITPOINT WARNING * * *
The silver sears you!
You die...

PP~~~~~..~.~~~
.~..m~<...~~~~~~~~~~~!~~~
~..m......$..~~~~~~~~~..~~
....mm..).....~~........~~Y
~...........#.....~~..C....
.......##...##............P
.~~....# .m.m............PP
≈≈...~.. ..$.............P.
≈≈.....~ .....m.@S~~~~..PP>
........~~~~~...P.
.......~~.........
.......~~~...~..P.
.....>.~~~~~~~~.PP
...m..~~~≈~~~~~~..
.....~~~~~~~~~~~~~
.~~..~~~~~~≈~~~~~~
~..~~~~~~~~~~~~~


You could see Polyphemus, 2 merfolk javelineers, a sea snake and 2 merfolk.

Vanquished Creatures
  Nikola (Snake:2)
  Jorgrun (Shoals:2)
  A nagaraja (Snake:3)
  Ilsuiw (Shoals:2)
  Louise (Shoals:1)
  An ironbound preserver (D:13)
  A red draconian (Volcano)
  The ghost of FizzleBangTC the Eclecticist, a journeyman MeEE of Ashenzari (D:10)
  4 dire elephants (Lair:5)
  The ghost of Soc Zyegy the Skirmisher, a journeyman GnHu of Kikubaaqudgha (Lair:1)
  2 merfolk impalers
  2 hydras
  An anaconda (shapeshifter) (D:13)
  A catoblepas (Lair:5)
  4 boulder beetles
  A merfolk aquamancer (Shoals:2)
  An ogre mage (D:11)
  3 centaur warriors
  3 merfolk avatars
  6 anacondas
  A tengu warrior (D:13)
  3 two-headed ogres
  8 naga warriors
  A death yak (Lair:5)
  A satyr (Shoals:2)
  5 orc high priests
  A spectral dire elephant (Lair:5)
  10 naga sharpshooters
  4 shock serpents
  2 sea snakes
  A shadow wraith (Shoals:1)
  A salamander mystic (Volcano)
  A spectral anaconda (Lair:5)
  An obsidian statue (Lair:5)
  A lindwurm (Lair:3)
  A naga ritualist (Snake:2)
  4 necromancers (Lair:5)
  5 orc knights
  7 harpies
  3 mana vipers (Snake:2)
  Pikel (D:9)
  An oklob plant (Lair:5)
  A deep elf zephyrmancer (D:11)
  5 orc sorcerers
  A wolf spider (D:13)
  4 ugly things
  4 cyclopes
  4 manticores
  10 salamanders
  4 fauns
  7 merfolk sirens
  Maurice (D:8)
  A guardian serpent (Snake:3)
  15 naga magi
  A molten gargoyle (Volcano)
  Joseph (D:8)
  18 black mambas
  16 cane toads
  19 elephants
  Maggie (D:8)
  2 water nymphs (Shoals:2)
  An unseen horror (D:12)
  A rime drake (Lair:3)
  9 komodo dragons
  A tengu conjurer (D:13)
  9 merfolk
  7 trolls
  2 polar bears
  A meliai (D:8)
  2 hornets
  2 wind drakes
  6 slime creatures (D:13)
  7 blink frogs (Lair:4)
  A jumping spider (shapeshifter) (D:13)
  6 snapping turtles
  Sigmund (D:2)
  4 dream sheep (Shoals:2)
  3 vampires (D:11)
  4 water elementals (Shoals:2)
  4 wraiths
  2 basilisks (Lair:4)
  2 shadows
  4 wyverns
  33 yaks
  5 fire bats (Volcano)
  A steam dragon (D:8)
  Grum (D:8)
  6 vampire mosquitoes
  5 wargs
  2 death yak simulacra (Lair:5)
  24 nagas
  Edmund (D:6)
  An acid dragon (D:8)
  16 water moccasins
  2 sky beasts
  7 ogres
  41 orc warriors
  2 ice beasts
  3 black bears
  4 elephant zombies (Lair:5)
  10 centaurs
  41 wolves
  An elephant skeleton (Lair:5)
  3 lemures (D:9)
  2 kobold brigands
  12 bullfrogs
  2 gnoll sergeants
  3 necrophages (D:6)
  4 scorpions
  11 wights
  5 killer bees (D:11)
  An elephant simulacrum (Lair:5)
  2 howler monkeys
  7 lava snakes (Volcano)
  4 jellies
  Crazy Yiuf (D:5)
  2 gnoll boudas
  A hound (D:5)
  3 iguanas
  17 orc priests
  Jessica (D:3)
  Terence (D:2)
  26 orc wizards
  7 hell rats
  21 gnolls
  9 adders
  9 river rats (Lair:1)
  2 shadow imps
  An ufetubus (D:5)
  2 worms (D:4)
  3 dart slugs (D:1)
  139 orcs
  2 ball pythons
  7 endoplasms
  6 giant cockroaches
  16 goblins
  9 hobgoblins
  5 jackals
  3 quokkas
  7 bats
  5 frilled lizards
  9 kobolds
  9 rats
  A bush (D:12)
880 creatures vanquished.

Vanquished Creatures (others)
  A water nymph (Shoals:3)
  An orc priest (Orc:2)
  76 fungi
  70 plants
  31 withered plants
179 creatures vanquished.

Grand Total: 1059 creatures vanquished

Notes
Turn   | Place    | Note
-------+----------+-------------------------------------------
     0 | D:1      | avis the Demigod Ice Elementalist began the quest for the
                  | Orb.
     0 | D:1      | Reached XP level 1. HP: 14/14 MP: 5/5
   130 | D:1      | Reached XP level 2. HP: 20/20 MP: 7/7
   238 | D:1      | Reached skill level 1 in Fighting
   633 | D:1      | Reached XP level 3. HP: 28/28 MP: 9/9
   640 | D:1      | Learned a level 3 spell: Frozen Ramparts
   697 | D:1      | Learned a level 3 spell: Ozocubu's Armour
  1040 | D:2      | Reached XP level 4. HP: 11/35 MP: 6/10
  1179 | D:2      | Noticed Terence
  1190 | D:2      | Killed Terence
  1191 | D:2      | Reached skill level 5 in Ice Magic
  1439 | D:2      | Noticed Sigmund
  1457 | D:2      | Killed Sigmund
  1458 | D:2      | Reached skill level 2 in Ranged Weapons
  1458 | D:2      | Reached XP level 5. HP: 12/41 MP: 5/12
  1714 | D:2      | Reached XP level 6. HP: 48/48 MP: 8/13
  1950 | D:3      | Reached skill level 3 in Ranged Weapons
  2014 | D:3      | Found Buafasok's Jewellery Boutique.
  2083 | D:3      | Noticed Jessica
  2086 | D:3      | Killed Jessica
  2322 | D:3      | Reached skill level 4 in Ranged Weapons
  2583 | D:3      | Found the Hermit's Pendant {Faith Invo=14 Evo=0 MP+5}
  2984 | D:4      | Reached skill level 5 in Ranged Weapons
  2984 | D:4      | Reached XP level 7. HP: 39/55 MP: 10/14
  3292 | D:4      | Found a staircase to the Ecumenical Temple.
  3768 | D:4      | Reached skill level 6 in Ranged Weapons
  3971 | D:5      | Entered Level 5 of the Dungeon
  4677 | D:5      | Found a runed translucent door.
  4678 | D:5      | Noticed Crazy Yiuf
  4688 | D:5      | Killed Crazy Yiuf
  4802 | D:5      | Found Esosi's Magic Scroll Emporium.
  5178 | Temple   | Entered the Ecumenical Temple
  5190 | Temple   | Identified a scroll of acquirement
  5200 | Temple   | Learned a level 2 spell: Ensorcelled Hibernation
  5246 | D:5      | HP: 2/57 [ogre/+0 giant spiked club (20)]
  5364 | D:5      | Bought a scroll of teleportation for 36 gold pieces
  5364 | D:5      | Bought a scroll of enchant weapon for 90 gold pieces
  5404 | D:5      | Reached skill level 7 in Ranged Weapons
  5459 | D:5      | Reached XP level 8. HP: 54/63 MP: 10/15
  5523 | D:5      | Bought a scroll of enchant armour for 90 gold pieces
  5770 | D:6      | Reached skill level 8 in Ranged Weapons
  5829 | D:6      | Learned a level 4 spell: Summon Ice Beast
  6091 | D:6      | Noticed Edmund
  6103 | D:6      | Killed Edmund
  6140 | D:6      | Reached skill level 1 in Summonings
  7022 | D:7      | Reached skill level 5 in Fighting
  7033 | D:7      | Reached XP level 9. HP: 67/74 MP: 18/18
  7616 | D:7      | Reached skill level 9 in Ranged Weapons
  7854 | D:5      | Bought a scroll of fear for 48 gold pieces
  7854 | D:5      | Bought a scroll of butterflies for 48 gold pieces
  7854 | D:5      | Bought a scroll of identify for 24 gold pieces
  7854 | D:5      | Bought a scroll of identify for 24 gold pieces
  8103 | D:8      | Found a flagged portal.
  8122 | Bailey   | Entered a bailey
  8338 | Bailey   | Reached skill level 10 in Ranged Weapons
  8641 | D:8      | Noticed Joseph
  8681 | D:8      | Reached skill level 10 in Fighting
  8681 | D:8      | Reached XP level 10. HP: 81/94 MP: 16/19
  8721 | D:8      | Killed Joseph
  9175 | D:8      | Noticed a manticore
  9191 | D:8      | Killed a manticore
  9192 | D:8      | Reached XP level 11. HP: 86/101 MP: 20/20
  9288 | D:8      | Noticed Maggie
  9323 | D:8      | Killed Maggie
  9357 | D:8      | Noticed Maurice
  9374 | D:8      | Killed Maurice
  9400 | D:8      | Found Goec's Magic Scroll Shop.
  9406 | D:8      | Bought a scroll of amnesia for 64 gold pieces
  9406 | D:8      | Bought a scroll of identify for 32 gold pieces
  9494 | D:8      | Reached skill level 11 in Ranged Weapons
  9619 | D:8      | Noticed a two-headed ogre
  9834 | D:8      | Killed a two-headed ogre
 10090 | D:8      | Noticed Grum
 10099 | D:8      | Noticed a two-headed ogre
 10102 | D:8      | Killed Grum
 10108 | D:8      | Killed a two-headed ogre
 10587 | D:9      | Found a staircase to the Lair.
 10693 | D:9      | Reached skill level 12 in Ranged Weapons
 10751 | D:9      | Noticed Pikel
 10765 | D:9      | Killed Pikel
 11659 | Lair:1   | Entered Level 1 of the Lair of Beasts
 11806 | Lair:1   | Reached skill level 13 in Ranged Weapons
 11830 | Lair:1   | Noticed a boulder beetle
 11868 | Lair:1   | Killed a boulder beetle
 12511 | Lair:1   | Reached skill level 14 in Ranged Weapons
 12576 | Lair:1   | Reached XP level 12. HP: 105/108 MP: 18/21
 12687 | Lair:1   | Found a runed translucent door.
 12688 | Lair:1   | Noticed Soc Zyegy's ghost (journeyman GnHu)
 13281 | D:10     | Entered Level 10 of the Dungeon
 13823 | D:10     | Noticed a boulder beetle
 13855 | D:10     | Killed a boulder beetle
 13856 | D:10     | Reached skill level 5 in Dodging
 14328 | Lair:1   | Upgraded the game from 0.30-a0-368-g86fb4627a9 to
                  | 0.30-a0-371-gad7725a93e
 14610 | Lair:2   | Reached skill level 5 in Stealth
 14614 | Lair:2   | Reached skill level 1 in Armour
 15095 | Lair:2   | Identified the +5 flail "Poddorad" {vorpal, rC+ rN+}
 15300 | Lair:2   | Reached skill level 5 in Armour
 15630 | D:11     | Found a runed translucent gate.
 15630 | D:11     | Found a runed translucent gate.
 15631 | D:11     | Found a runed translucent gate.
 15631 | D:11     | Noticed an ogre mage
 15631 | D:11     | Noticed FizzleBangTC's ghost (journeyman MeEE)
 15969 | D:11     | Found a staircase to the Orcish Mines.
 17334 | Lair:3   | Reached XP level 13. HP: 116/116 MP: 19/22
 17367 | Lair:3   | Found a staircase to the Snake Pit.
 17470 | Lair:3   | Found a staircase to the Shoals.
 17773 | Lair:3   | Reached skill level 15 in Ranged Weapons
 17809 | Lair:3   | Identified the +1 leather armour of Qeynwoakh {Will+ Str+3
                  | Stlth+}
 19807 | D:12     | Reached skill level 16 in Ranged Weapons
 20707 | Snake:1  | Entered Level 1 of the Snake Pit
 20749 | Lair:5   | Entered Level 5 of the Lair of Beasts
 21415 | Lair:5   | Found a staircase to the Slime Pits.
 21880 | Lair:5   | Noticed a dire elephant
 21880 | Lair:5   | Noticed a dire elephant
 21880 | Lair:5   | Noticed a dire elephant
 21946 | Lair:5   | Killed a dire elephant
 22622 | Lair:5   | Gained mutation: Your body sometimes deteriorates upon
                  | taking damage. [a neqoxec]
 22918 | Lair:5   | Noticed a dire elephant
 22949 | Lair:5   | Killed a dire elephant
 22955 | Lair:5   | HP: 1/118 [dire elephant (19)]
 23352 | Lair:5   | Reached skill level 17 in Ranged Weapons
 23440 | Lair:5   | Killed a dire elephant
 23441 | Lair:5   | Reached XP level 14. HP: 81/126 MP: 24/24
 25188 | D:13     | Found a transporter.
 25271 | D:13     | Found a gate to the Vaults.
 25271 | D:13     | Noticed an ironbound preserver
 25326 | D:13     | Found a transporter.
 25326 | D:13     | Noticed SleepySteel's ghost (journeyman DjAE)
 25334 | D:13     | Noticed a fire giant
 26126 | D:13     | Reached skill level 18 in Ranged Weapons
 26150 | D:13     | Reached skill level 1 in Evocations
 26609 | D:13     | Killed an ironbound preserver
 27022 | D:13     | Learned a level 2 spell: Blink
 27197 | Snake:1  | Reached skill level 5 in Evocations
 27870 | Lair:1   | Acquired 973 gold pieces
 27872 | Lair:1   | Acquired a manual of Ice Magic
 27880 | Lair:1   | Learned a level 5 spell: Freezing Cloud
 27958 | Shoals:1 | Entered Level 1 of the Shoals
 27972 | Shoals:1 | Found Tuahomobb's Book Boutique.
 28198 | Shoals:1 | Noticed Louise
 28228 | Abyss:2  | Cast into level 2 of the Abyss (Louise)
 28262 | Shoals:1 | Escaped the Abyss
 28267 | Shoals:1 | Killed Louise
 29372 | Lair:1   | Killed Soc Zyegy's ghost
 29476 | D:10     | Killed FizzleBangTC's ghost
 29896 | Orc:1    | Entered Level 1 of the Orcish Mines
 29926 | Orc:1    | Found a dark tunnel.
 29934 | Volcano  | Entered a volcano
 29998 | Volcano  | Reached XP level 15. HP: 135/135 MP: 25/25
 30642 | Orc:1    | Learned a level 2 spell: Passwall
 30698 | Orc:2    | Entered Level 2 of the Orcish Mines
 31296 | Snake:2  | Noticed Nikola
 31317 | Snake:2  | Killed Nikola
 31318 | Snake:2  | Reached skill level 1 in Hexes
 31318 | Snake:2  | Reached skill level 10 in Ice Magic
 32763 | Snake:2  | Reached skill level 19 in Ranged Weapons
 33107 | Snake:2  | Found Loox's Book Shoppe.
 33870 | Shoals:1 | Found the +7 captain's cutlass {speed, disarm}
 33946 | Shoals:2 | Noticed Ilsuiw
 33974 | Shoals:2 | Killed Ilsuiw
 34383 | Shoals:2 | Noticed Jorgrun
 34399 | Shoals:2 | Killed Jorgrun
 35192 | Orc:2    | Found a staircase to the Elven Halls.
 35931 | Orc:2    | Found Yfou's Armour Emporium.
 35931 | Orc:2    | Found Fuavuel's Assorted Antiques.
 35935 | Orc:2    | Found Iniwog's Magic Scroll Boutique.
 35935 | Orc:2    | Found Ladey's Jewellery Emporium.
 36291 | Orc:2    | Bought the +0 pair of fencer's gloves {Riposte Dex+3} for
                  | 600 gold pieces
 36291 | Orc:2    | Found the +0 pair of fencer's gloves {Riposte Dex+3}
 36303 | Orc:2    | Bought the ring "Anoeg" {rPois rC+ rN+} for 565 gold pieces
 36306 | Orc:2    | Bought a scroll of enchant weapon for 112 gold pieces
 36306 | Orc:2    | Bought a scroll of enchant weapon for 112 gold pieces
 36306 | Orc:2    | Bought a scroll of enchant armour for 112 gold pieces
 36306 | Orc:2    | Bought a scroll of enchant armour for 112 gold pieces
 36638 | Snake:3  | Reached skill level 20 in Ranged Weapons
 36935 | Snake:3  | Reached XP level 16. HP: 93/143 MP: 18/26
 36938 | Snake:3  | Reached skill level 1 in Short Blades
 37255 | Snake:3  | Found Jin Jiot's Jewellery Emporium.
 38538 | Shoals:3 | Noticed Roxanne
 38539 | Shoals:3 | Noticed Polyphemus
 38541 | Shoals:3 | HP: 7/143 [merfolk javelineer/silver javelin (17)]
 38542 | Shoals:3 | HP: 3/143 [merfolk javelineer/silver javelin (17)]
 38542 | Shoals:3 | Hit by a silver javelin thrown by a merfolk javelineer

Illustrated notes

Levels and vault maps discovered:
D:1:      dpeg_arrival_court, layout_loops_ring, minivault_25,
          minmay_misc_feat_pillars, serial_bayou_lagoon_a, minmay_heptomino_d4
D:2:      layout_basic, basic_altar, uniq_sigmund, uniq_terence
D:3:      layout_loops_ring, serial_shops, shop, chequers_mini_garden,
          hellmonk_guarded_unrand_hermit, uniq_jessica
D:4:      layout_basic, mainiacjoe_overflow_boulevard, minmay_temple_entry_mist,
          roderic_three_in_a_row
D:5:      layout_basic, serial_shops, nicolae_take_the_stairs,
          uniq_crazy_yiuf_cottage
D:6:      layout_cave_pools, uniq_edmund
D:7:      layout_loops_ring, grunt_gozag_breadcrumbs
D:8:      layout_loops_ring, lemuel_tele_altar, gammafunk_temple_overflow_claw,
          serial_shops, shop, enter_bailey_3, wad_mini_maze, uniq_joseph,
          uniq_grum, uniq_maggie, uniq_maurice
D:9:      layout_loops_corners, due_lair_maze_entry_diamond, uniq_pikel
D:10:     layout_roguey [special_room_orc], elyvilon_altar_1,
          mainiacjoe_overflow_tiny_flanked, nzn_sisyphean_effort
D:11:     layout_stronghold, erik_orc_3, gammafunk_ghost_split,
          minmay_fractal_squares_gapless_5
D:12:     layout_loops_ring, kb_lookout_dungeons_type
D:13:     layout_roguey, skrybe_vaults_entry_preservation, gammafunk_ghost_arena
Temple:   nicolae_temple_bog_church
Lair:1:   layout_long_grid, gammafunk_ghost_grave, basic_altar, st_stairs_5,
          kennysheep_rathole
Lair:2:   layout_chaotic_city, beast_lair_carwin_10, grunt_megastairs_1,
          lemuel_fruit_tree
Lair:3:   layout_regular_city, elwin_shoals_entry_rooms, dummy_snake_entry
Lair:4:   layout_hall_layers, chequers_serial_rivers_micro_b, grunt_megastairs_4
Lair:5:   due_jungle_book, layout_regular_city, minmay_slime_entry_oklob_open
Shoals:1: layout_shoals, serial_shops, shop, nicolae_shoals_hidden_pirate_stash,
          uniq_louise
Shoals:2: layout_shoals, uniq_jorgrun, uniq_ilsuiw
Shoals:3: layout_shoals, serial_shops, nicolae_shop_trees,
          nicolae_shoals_pincushion_passage, uniq_roxanne, uniq_polyphemus
Snake:1:  layout_rooms
Snake:2:  layout_layer_cave, serial_bayou_pond_d, minmay_shop_star, uniq_nikola
Snake:3:  layout_misc_corridors, serial_shops, shop
Orc:1:    nicolae_orc_accident_1, layout_diamond_mine,
          nicolae_volcano_entry_hallway
Orc:2:    grunt_orc_tribal_feast, layout_caves

Skill      XL: |  1  2  3  4  5  6  7  8  9 10 11 12 13 14 15 16 |
---------------+-------------------------------------------------+-----
Ice Magic      | 4 5 6 9 13 | 13.9
Spellcasting   | 2 3 4 |  4.0
Fighting       | 1 2 3 5 10 11 12 13 | 13.0
Ranged Weapons | 2 5 7 8 10 14 17 18 20 | 20.0
Summonings     | 2 |  2.0
Dodging        | 2 5 |  5.0
Stealth        | 5 |  5.0
Armour         | 5 |  5.0
Evocations     | 5 |  5.0
Hexes          | 1 |  1.1
Short Blades   | 4 |  4.9

Action                   |  1- 3 |  4- 6 |  7- 9 | 10-12 | 13-15 | 16-18 || total
-------------------------+-------+-------+-------+-------+-------+-------++-------
Melee: Dagger            |    38 |    13 |    56 |    38 |    15 |       ||   160
       Punch             |       |     1 |     1 |     1 |     2 |       ||     5
       Long sword        |       |       |    27 |       |       |       ||    27
       Cutlass           |       |       |       |       |       |     5 ||     5
 Fire: Sling             |    44 |    83 |   292 |    74 |       |       ||   493
       Longbow           |       |       |       |   524 |  1466 |   114 ||  2104
 Cast: Frozen Ramparts   |     6 |    18 |    54 |    82 |    84 |     5 ||   249
       Ozocubu's Armour  |     3 |    11 |    42 |    72 |   170 |    17 ||   315
       Freeze            |     1 |       |     5 |       |     4 |       ||    10
       Summon Ice Beast  |       |       |       |       |     1 |       ||     1
       Blink             |       |       |       |       |     1 |       ||     1
       Passwall          |       |       |       |       |     7 |       ||     7
       Freezing Cloud    |       |       |       |       |     1 |     1 ||     2
Evoke: Wand              |       |       |       |       |     5 |       ||     5
  Use: Scroll            |       |       |    16 |    20 |    17 |       ||    53
       Potion            |       |       |     2 |     4 |     9 |     1 ||    16
 Stab: Sleeping          |     3 |     1 |       |       |     1 |       ||     5
       Distracted        |     1 |       |       |       |       |       ||     1
Armor: Robe              |     9 |    14 |    20 |       |       |       ||    43
       Leather armour    |       |       |    35 |     7 |       |       ||    42
       Steam dragon scal |       |       |       |   140 |   336 |    19 ||   495
Dodge: Dodged            |    34 |    19 |    77 |   226 |   477 |    30 ||   863

Table legend: (Time is in decaauts)
 A = Elapsed time spent in this place.
 B = Non-inter-level travel time spent in this place.
 C = Inter-level travel time spent in this place.
 D = Time resting spent in this place.
 E = Time spent auto-exploring this place.
 F = Levels seen in this place.
 G = Mean time per level.
                   A        B        C        D        E       F      G
               +--------+--------+--------+--------+--------+-----+--------+
         Total |  38635 |  32504 |   6131 |  10288 |  12171 |  30 | 1287.8 |
       Dungeon |  18300 |  14803 |   3497 |   3743 |   6919 |  13 | 1407.7 |
        Temple |     72 |     65 |      7 |      0 |      0 |   1 |   72.0 |
          Lair |   9907 |   8401 |   1506 |   3218 |   2620 |   5 | 1981.4 |
        Shoals |   2909 |   2538 |    371 |    844 |    884 |   3 |  969.7 |
     Snake Pit |   4585 |   4085 |    500 |   1695 |   1516 |   3 | 1528.3 |
  Orcish Mines |   1918 |   1671 |    247 |    466 |    231 |   2 |  959.0 |
         Abyss |     33 |     33 |      0 |      0 |      0 |   1 |   33.0 |
        Bailey |    480 |    480 |      0 |    136 |      0 |   1 |  480.0 |
       Volcano |    429 |    429 |      0 |    184 |      0 |   1 |  429.0 |
               +--------+--------+--------+--------+--------+-----+--------+

Top non-repeatable levels by time:
  Lair:5: 3394 daAuts
  Lair:1: 2210 daAuts
 Snake:2: 2128 daAuts
    D:11: 1852 daAuts
     D:8: 1746 daAuts
    D:13: 1696 daAuts
     D:9: 1656 daAuts
     D:5: 1653 daAuts
  Lair:3: 1619 daAuts
Shoals:2: 1467 daAuts
    D:12: 1456 daAuts
 Snake:1: 1452 daAuts
    D:10: 1451 daAuts
     D:4: 1403 daAuts
Shoals:1: 1376 daAuts
